 Dungeon Crawl Stone Soup version 0.30-a0-777-ga9a30cbeda (webtiles) character file.

Game seed: 16545242702675989398

30 Heoruswealwe the Caller (level 3, 0/19 HPs)
             Began as a Deep Elf Summoner on Feb 14, 2023.
             Slain by a hobgoblin (3 damage)
             ... on level 1 of the Dungeon.
             The game lasted 00:08:57 (795 turns).

Heoruswealwe the Caller (Deep Elf Summoner)          Turns: 795, Time: 00:08:58

Health: 0/19       AC:  2    Str:  5    XL:     3   Next: 5%
Magic:  9/9        EV: 12    Int: 21    God:
Gold:   20         SH:  0    Dex: 15    Spells: 7/8 levels left

rFire   . . .      SeeInvis .    v - +2 mace (drain)
rCold   . . .      Faith    .    (no shield)
rNeg    . . .      Spirit   .    n - +0 robe
rPois   .          Reflect  .    (no helmet)
rElec   .          Harm     .    (no cloak)
rCorr   .          Rampage  .    (no gloves)
Will    .....                    (no boots)
Stlth   ++                       (no amulet)
HPRegen 0.23/turn                (no ring)
MPRegen 0.11/turn                (no ring)

@: no status effects
A: no striking features
a: no special abilities


You were on level 1 of the Dungeon.
You visited 1 branch of the dungeon, and saw 1 of its levels.

You collected 20 gold pieces.

Inventory:

Hand Weapons
 d - a +0 dagger
 e - a +0 dagger
 h - a +0 dagger
 m - a +0 club
 q - a +0 short sword
 t - a +0 club
 v - a +2 mace of draining (weapon)
 x - a +0 dagger
Missiles
 i - 14 stones
Armour
 a - a +0 robe
 g - a +0 robe
 n - a +0 robe (worn)
 s - a +0 leather armour
Scrolls
 f - 2 scrolls of identify {unknown}
 k - a scroll of noise {unknown}
 l - a scroll of teleportation {unknown}
 r - a scroll of blinking {unknown}
 w - 2 scrolls of torment {unknown}
Potions
 b - a potion of magic
 c - 2 potions of heal wounds {unknown}
 j - a potion of lignification {unknown}
 o - a potion of cancellation {unknown}
 p - a potion of mutation {unknown}
 u - 2 potions of attraction {unknown}


   Skills:
 + Level 0.3 Fighting
 + Level 0.2 Long Blades
 + Level 2.4 Dodging
 + Level 2.5 Stealth
 * Level 3.1 Spellcasting
 + Level 0.3 Conjurations
 + Level 0.1 Hexes
 * Level 4.5 Summonings
 + Level 1.0 Necromancy
 + Level 0.2 Translocations
 + Level 0.2 Transmutations
 + Level 0.2 Fire Magic
 + Level 0.0 Ice Magic
 + Level 0.1 Air Magic
 + Level 0.5 Earth Magic
 + Level 0.1 Poison Magic
 + Level 0.4 Invocations
 + Level 0.2 Evocations


You had 7 spell levels left.
You knew the following spells:

 Your Spells              Type           Power      Damage    Failure   Level
a - Summon Small Mammal   Summ           88%        N/A       1%          1

Your spell library contained the following spells:

 Spells                   Type           Power      Damage    Failure   Level
 Call Imp                 Summ           22%        N/A       3%          2
 Call Canine Familiar     Summ           22%        N/A       6%          3
 Summon Guardian Golem    Hex/Summ       13%        N/A       16%         3
 Summon Lightning Spire   Summ/Air       13%        N/A       43%         4


Dungeon Overview and Level Annotations

Branches:
Dungeon (1/15)

Altars:


Message History

You kill the ball python!
A goblin comes into view. It is wielding a +0 dagger.
A hobgoblin comes into view.
Found a red potion.
The goblin barely misses you.
You sock the goblin!
You kill the goblin!
You have reached level 3!
Your experience leads to an increase in your attributes!
Increase (S)trength, (I)ntelligence, or (D)exterity?
You feel clever. x2
You see here a +0 dagger.
x - a +0 dagger An endoplasm comes into view.
The helpless endoplasm fails to defend itself.
You hit the endoplasm. You drain the endoplasm.
The endoplasm is almost dead.
The endoplasm freezes you.
You are frozen.
The endoplasm barely misses you.
You barely miss the endoplasm.
The endoplasm is almost dead.
The endoplasm freezes you.
You are frozen.
You hit the endoplasm.
You kill the endoplasm!
Your Necromancy skill increases to level 1!
You open the door.
There is an open door here.
The hobgoblin shouts!
The hobgoblin closely misses you.
You closely miss the hobgoblin. The hobgoblin hits you.
You barely miss the hobgoblin. The hobgoblin barely misses you.
You barely miss the hobgoblin. The hobgoblin hits you.
The hobgoblin closely misses you.
You hit the hobgoblin.
The hobgoblin is almost dead.
The hobgoblin hits you.
* * * LOW HITPOINT WARNING * * *
The hobgoblin attacks as you move away! The hobgoblin hits you.
You die...

######### #........ #........
#........ ###### #.......###
.....# #.........
..##.######## #g!.....##
..##.#......####@.......
........................
...#.#.####'#######.####### #
#..#.#.###................#.#
#..#....÷#....#####.#####.#.#
#......#.#....# #.#...#.#.# #
###....#.#....# #.#.. #...#.#
.##..#.#.#....# #....##.....#
.##..#.#.########
###.....†...#


You could see a hobgoblin.

Vanquished Creatures
  4 endoplasms (D:1)
  2 giant cockroaches (D:1)
  A goblin (D:1)
  3 ball pythons (D:1)
  2 bats (D:1)
12 creatures vanquished.

Vanquished Creatures (collateral kills)
  An endoplasm (D:1)
  3 goblins (D:1)
  2 hobgoblins (D:1)
  4 ball pythons (D:1)
  A frilled lizard (D:1)
  2 kobolds (D:1)
  2 rats (D:1)
15 creatures vanquished.

Grand Total: 27 creatures vanquished

Notes
Turn   | Place    | Note
-------+----------+-------------------------------------------
     0 | D:1      | Heoruswealwe the Deep Elf Summoner began the quest for the
                  | Orb.
     0 | D:1      | Reached XP level 1. HP: 10/10 MP: 6/6
    81 | D:1      | Reached XP level 2. HP: 11/15 MP: 8/8
   767 | D:1      | Reached XP level 3. HP: 19/19 MP: 9/9
   779 | D:1      | Reached skill level 1 in Necromancy
   795 | D:1      | Slain by a hobgoblin

Illustrated notes

Levels and vault maps discovered:
D:1:      lightli_arrival_lavapool, layout_basic

Skill      XL: |  1  2  3 |
---------------+----------+-----
Necromancy     | 1 |  1.0
Fighting       | |  0.3
Long Blades    | |  0.2
Dodging        | |  2.4
Stealth        | |  2.5
Spellcasting   | |  3.1
Conjurations   | |  0.3
Hexes          | |  0.1
Summonings     | |  4.5
Translocations | |  0.2
Transmutations | |  0.2
Fire Magic     | |  0.2
Air Magic      | |  0.1
Earth Magic    | |  0.5
Poison Magic   | |  0.1
Invocations    | |  0.4
Evocations     | |  0.2

Action                     || total
---------------------------++-------
  Melee: Dagger            ||    60
         Mace              ||    10
   Cast: Summon Small Mamm ||    14
   Stab: Sleeping          ||     1
 Armour: Robe              ||    19
  Dodge: Dodged            ||    53

Table legend: (Time is in decaauts)
 A = Elapsed time spent in this place.
 B = Non-inter-level travel time spent in this place.
 C = Inter-level travel time spent in this place.
 D = Time resting spent in this place.
 E = Time spent auto-exploring this place.
 F = Levels seen in this place.
 G = Mean time per level.
                   A        B        C        D        E       F      G
               +--------+--------+--------+--------+--------+-----+--------+
         Total |    797 |    797 |      0 |      0 |      0 |   1 |  797.0 |
       Dungeon |    797 |    797 |      0 |      0 |      0 |   1 |  797.0 |
               +--------+--------+--------+--------+--------+-----+--------+

Top non-repeatable levels by time:
     D:1: 797 daAuts
